 Dungeon Crawl Stone Soup version 0.31-a0-542-gdc2a67831c (webtiles) character file.

Game seed: 18358759280547580847

7982 pascalblue the Destroyer (level 11, -23/55 HPs)
             Began as a Deep Elf Conjurer on Aug 14, 2023.
             Was an Elder of Vehumet.
             Annihilated by a two-headed ogre
             ... wielding a +0 giant club
              (30 damage)
             ... on level 11 of the Dungeon.
             The game lasted 00:36:20 (11934 turns).

pascalblue the Destroyer (Deep Elf Conjurer)       Turns: 11934, Time: 00:36:21

Health: -23/55     AC:  7    Str:  4    XL:     11   Next: 3%
Magic:  15/26      EV: 12    Int: 34    God:    Vehumet [****..]
Gold:   748        SH:  0    Dex: 13    Spells: 13/29 levels left

rFire   . . .        B - +5 hammer (protect)
rCold   . . .        (no shield)
rNeg    . . .        a - +1 robe
rPois   .            u - +1 hat
rElec   .            j - +0 cloak
rCorr   .            Q - +0 pair of gloves
SInv    .            e - +0 pair of boots
Will    ++...        m - amulet of the acrobat
Stlth   ++           N - ring of willpower
HPRegen 0.29/turn    p - +6 ring of intelligence
MPRegen 0.20/turn

%: acrobat
@: no status effects
A: no striking features
a: Renounce Religion


You were on level 11 of the Dungeon.
You worshipped Vehumet.
Vehumet was greatly pleased with you.
You visited 1 branch of the dungeon, and saw 11 of its levels.
You also visited: Ossuary.

You collected 748 gold pieces.

Inventory:

Hand Weapons
 i - a +3 short sword of draining
 y - a +2 quarterstaff of chaos
 B - a +5 hammer of protection (weapon)
Missiles
 D - 4 throwing nets
Armour
 a - a +1 robe (worn)
 e - a +0 pair of boots (worn)
 j - a +0 cloak (worn)
 u - a +1 hat (worn)
 A - a +0 cloak
 P - a +0 helmet
 Q - a +0 pair of gloves (worn)
Jewellery
 g - an amulet of regeneration
 k - a +6 ring of strength
 l - a +6 ring of dexterity
 m - an amulet of the acrobat (around neck)
 p - a +6 ring of intelligence (right hand)
 v - an amulet of the acrobat
 C - a ring of flight
 L - a +6 ring of dexterity
 N - a ring of willpower (left hand)
Wands
 n - a wand of mindburst (13)
 t - a wand of flame (10)
 E - a wand of polymorph (10)
 J - a wand of light (8)
 K - a wand of charming (9)
 M - a wand of digging (9)
Scrolls
 q - 6 scrolls of teleportation
 O - 3 scrolls of identify
 R - 2 scrolls of fear
Potions
 b - 3 potions of magic
 c - 2 potions of resistance {unknown}
 d - 2 potions of ambrosia {unknown}
 f - 3 potions of lignification {unknown}
 h - 6 potions of heal wounds
 o - a potion of berserk rage {unknown}
 r - 2 potions of haste {unknown}
 s - 9 potions of curing
 w - 6 potions of might
 x - 6 potions of enlightenment
 z - 6 potions of attraction
 F - a potion of cancellation {unknown}
 G - 2 potions of mutation {unknown}
 H - 2 potions of invisibility {unknown}
 I - 2 potions of brilliance {unknown}


   Skills:
 - Level 0.4 Fighting
 - Level 2.4 Dodging
 - Level 2.4 Stealth
 + Level 9.6 Spellcasting
 * Level 12.0 Conjurations
 * Level 10.9 Hexes
 + Level 6.5 Translocations
 - Level 5.2 Air Magic


You had 13 spell levels left.
You knew the following spells:

 Your Spells              Type           Power      Damage    Failure   Level
a - Magic Dart            Conj           100%       1d8       0%          1
b - Searing Ray           Conj           100%       2d8       1%          2
c - Fulminant Prism       Conj/Hex       38%        3d18      1%          4
d - Iskenderun's Mystic   Conj/Tloc      68%        2d14      1%          4
e - Shock                 Conj/Air       100%       1d9       1%          1
f - Cause Fear            Hex            37%        N/A       1%          4

Your spell library contained the following spells:

 Spells                   Type           Power      Damage    Failure   Level
 Frozen Ramparts          Ice            32%        1d5       2%          3
 Dazzling Flash           Conj/Hex       100%       N/A       1%          3
 Mephitic Cloud           Conj/Pois/Air  53%        N/A       1%          3
 Anguish                  Hex/Necr       26%        N/A       3%          4
 Call Imp                 Summ           32%        N/A       4%          2
 Sublimation of Blood     Necr           16%        N/A       4%          2
 Wereblood                Tmut           16%        N/A       4%          2
 Enfeeble                 Hex            37%        N/A       26%         7
 Summon Hydra             Summ           8%         N/A       100%        7


Dungeon Overview and Level Annotations

Branches:
Dungeon (11/15)            Temple (0/1) D:4            Lair (0/5) D:10
Ossuary (visited)
    Orc: D:9-12

Altars:
Cheibriados
Dithmenos
Fedhas
Gozag
Hepliaklqana
Kikubaaqudgha
Nemelex Xobeh
Trog
Uskayaw
Vehumet
Zin

Portals:
Gauntlet: D:11

Annotations:
D:9 2 transporters, 1 runed translucent door, wormstring's ghost, novice TrSh


Message History

The two-headed ogre is moderately wounded.
Your Conjurations skill increases to level 12!
The searing ray hits the two-headed ogre!
The two-headed ogre is heavily wounded.
The searing ray hits the two-headed ogre!
The two-headed ogre is heavily wounded.
You finish channelling your searing ray.
You hear the thunderous beating of a drum.
The two-headed ogre misses you. The two-headed ogre barely misses you.
Casting: Searing Ray (safe; 1% risk of failure)
Confirm with . or Enter, or press ? or * to list all spells.
Aiming: Searing Ray (safe; 1% risk of failure)
Press: ? - help, Shift-Dir - straight line, f/p - two-headed ogre
Aim: a two-headed ogre, wielding two +0 giant clubs (heavily wounded, 92% to hit)
The searing ray hits the two-headed ogre!
The two-headed ogre is severely wounded. (Press . to maintain the ray.)
The two-headed ogre hits you with a +0 giant club!
The two-headed ogre barely misses you.
The searing ray hits the two-headed ogre.
The two-headed ogre is severely wounded.
The two-headed ogre closely misses you. The two-headed ogre misses you.
The searing ray hits the two-headed ogre.
The two-headed ogre is almost dead.
The searing ray hits the two-headed ogre.
The two-headed ogre is almost dead.
You finish channelling your searing ray.
The two-headed ogre closely misses you.
The two-headed ogre completely misses you.
The two-headed ogre completely misses you. x2
The two-headed ogre hits you with a +0 giant club!
The two-headed ogre hits you with a +0 giant club!!
* * * LOW HITPOINT WARNING * * *
Unknown command.
You feel much better.
The two-headed ogre hits you with a +0 giant club!!
* * * LOW HITPOINT WARNING * * *
The two-headed ogre hits you with a +0 giant club!!
Ouch! That really hurt!
You die...

##....... #........ #
+...... # #####...∩##
##. +....^....# ##...
#.....# # ....
#.....# # ... #.O...#
####.### #@....# .#
.#.#.#.##
#.....####.#
........###
#####...##.#
.#.#.#.#..#####
###.##.#
..........'...#
#.##.#
.#.#.#.#..###.#
#.##.# ..........#
#.# #.##.###
.#.#.#.#..# #.#
#......# ..........#
#.###########.#.###.#


You could see a two-headed ogre.

Vanquished Creatures
  2 two-headed ogres
  Jeremiah (D:6)
  A cyclops (D:9)
  2 unseen horrors (D:11)
  A kobold demonologist (D:11)
  2 trolls
  2 hornets (D:9)
  Prince Ribbit (D:6)
  A shadow (D:7)
  A vampire (D:11)
  3 yaks (D:8)
  A steam dragon (D:9)
  Edmund (D:5)
  Duvessa (D:6)
  2 ice beasts
  3 orc warriors
  2 ogres
  4 kobold brigands
  3 bullfrogs
  3 elf skeletons (D:4)
  7 scorpions
  A water moccasin zombie (Ossuary)
  2 gnoll sergeants
  Dowan (D:6)
  2 howler monkeys
  2 hounds
  6 orc priests
  Crazy Yiuf (D:5)
  A jelly (D:7)
  5 iguanas
  3 sleepcaps
  9 orc wizards
  2 mummies (Ossuary)
  13 gnolls
  4 adders
  An ufetubus (D:5)
  4 adder zombies (Ossuary)
  2 worms
  3 dart slugs
  33 orcs
  5 ball pythons
  4 endoplasms
  2 giant cockroaches (D:1)
  2 gnoll zombies (Ossuary)
  9 goblins
  6 hobgoblins
  6 jackals
  23 kobolds
  6 quokkas
  10 bats
  2 frilled lizards
  4 hobgoblin zombies (Ossuary)
  2 kobold zombies (Ossuary)
  An orc skeleton (D:4)
  8 orc zombies
  5 rats
  5 fulminant prisms
239 creatures vanquished.

Vanquished Creatures (others)
  50 fulminant prisms
50 creatures vanquished.

Grand Total: 289 creatures vanquished

Notes
Turn   | Place    | Note
-------+----------+-------------------------------------------
     0 | D:1      | pascalblue the Deep Elf Conjurer began the quest for the
                  | Orb.
     0 | D:1      | Reached XP level 1. HP: 10/10 MP: 6/6
   149 | D:1      | Reached skill level 5 in Conjurations
   149 | D:1      | Reached XP level 2. HP: 15/15 MP: 2/8
   152 | D:1      | Learned a level 2 spell: Searing Ray
   529 | D:1      | Reached XP level 3. HP: 19/19 MP: 4/9
  1009 | D:1      | Reached skill level 6 in Conjurations
  1348 | D:2      | Reached XP level 4. HP: 24/24 MP: 7/10
  2065 | D:3      | Found a blossoming altar of Fedhas.
  2336 | D:3      | Found a glowing silver altar of Zin.
  2343 | D:3      | Found an ancient bone altar of Kikubaaqudgha.
  2343 | D:3      | Found a radiant altar of Vehumet.
  2366 | D:3      | Found a sparkling altar of Nemelex Xobeh.
  2369 | D:3      | Found a shadowy altar of Dithmenos.
  2384 | D:3      | Became a worshipper of Vehumet
  2637 | D:3      | Noticed a scorpion
  2642 | D:3      | Killed a scorpion
  2643 | D:3      | Reached XP level 5. HP: 28/28 MP: 5/13
  2744 | D:3      | Found an opulent altar of Gozag.
  2830 | D:3      | Found a faded altar of an unknown god.
  3095 | D:4      | Reached skill level 7 in Conjurations
  3346 | D:4      | Found a staircase to the Ecumenical Temple.
  3469 | D:4      | Found a sand-covered staircase.
  3488 | D:4      | Reached XP level 6. HP: 23/32 MP: 0/14
  3494 | Ossuary  | Entered an ossuary
  3685 | Ossuary  | Reached * piety under Vehumet
  3685 | Ossuary  | Offered knowledge of Shock by Vehumet.
  3789 | Ossuary  | Reached skill level 5 in Spellcasting
  3927 | Ossuary  | Learned a level 4 spell: Fulminant Prism
  3932 | Ossuary  | Learned a level 4 spell: Iskenderun's Mystic Blast
  3934 | Ossuary  | Learned a level 1 spell: Shock
  3961 | D:4      | Reached skill level 1 in Hexes
  4034 | D:4      | Reached skill level 8 in Conjurations
  4140 | D:4      | Found a hazy altar of Hepliaklqana.
  4452 | D:5      | Entered Level 5 of the Dungeon
  4462 | D:5      | Reached skill level 1 in Translocations
  4462 | D:5      | Reached XP level 7. HP: 37/37 MP: 9/17
  4566 | D:5      | Noticed Edmund
  4581 | D:5      | Killed Edmund
  4582 | D:5      | Reached skill level 1 in Air Magic
  5229 | D:5      | Found a runed translucent door.
  5230 | D:5      | Noticed Crazy Yiuf
  5236 | D:5      | Killed Crazy Yiuf
  5391 | D:5      | Offered knowledge of Foxfire by Vehumet.
  5398 | D:5      | Reached ** piety under Vehumet
  5903 | D:6      | Reached XP level 8. HP: 42/42 MP: 14/19
  6219 | D:5      | Reached skill level 9 in Conjurations
  6366 | D:6      | Noticed Dowan
  6368 | D:6      | Noticed Duvessa
  6369 | D:6      | Killed Dowan
  6370 | D:6      | Reached skill level 5 in Hexes
  6375 | D:6      | Killed Duvessa
  6624 | D:6      | Noticed Prince Ribbit
  6633 | D:6      | Killed Prince Ribbit
  6772 | D:6      | Noticed Jeremiah
  6880 | D:6      | Learned a level 4 spell: Cause Fear
  6933 | D:6      | Killed Jeremiah
  6934 | D:6      | Reached XP level 9. HP: 35/46 MP: 8/22
  7356 | D:7      | Reached skill level 10 in Conjurations
  7543 | D:7      | Found a snail-covered altar of Cheibriados.
  7768 | D:7      | Offered knowledge of Hailstorm by Vehumet.
  8251 | D:8      | Reached *** piety under Vehumet
  8679 | D:8      | Found a bloodstained altar of Trog.
  8688 | D:8      | Reached skill level 5 in Translocations
  9238 | D:9      | Reached XP level 10. HP: 51/51 MP: 21/24
  9628 | D:9      | Noticed a cyclops
  9639 | D:9      | Killed a cyclops
  9652 | D:9      | Offered knowledge of Volatile Blastmotes by Vehumet.
  9653 | D:9      | Reached skill level 11 in Conjurations
  9744 | D:9      | Noticed a two-headed ogre
  9749 | D:9      | Identified the ring "Jykkieq" {rPois rF+ rCorr Dex-5}
  9749 | D:9      | Noticed a wizard
 10182 | D:9      | Found a transporter.
 10221 | D:9      | Found a transporter.
 10228 | D:9      | Noticed a two-headed ogre
 10237 | D:9      | Killed a two-headed ogre
 10238 | D:9      | Reached skill level 5 in Air Magic
 10330 | D:9      | Noticed wormstring's ghost (novice TrSh)
 10579 | D:9      | Found a runed translucent door.
 10579 | D:9      | Noticed an eight-headed hydra
 10580 | D:9      | Noticed a centaur warrior
 10581 | D:9      | Noticed a wolf spider
 10581 | D:9      | Noticed a centaur warrior
 10709 | D:10     | Entered Level 10 of the Dungeon
 10709 | D:10     | Noticed a two-headed ogre
 10715 | D:10     | Killed a two-headed ogre
 10716 | D:10     | Reached skill level 10 in Hexes
 11091 | D:10     | Reached **** piety under Vehumet
 11233 | D:10     | Found a staircase to the Lair.
 11597 | D:10     | Found a hide-covered altar of Uskayaw.
 11807 | D:11     | Offered knowledge of Frozen Ramparts by Vehumet.
 11881 | D:11     | Reached XP level 11. HP: 55/55 MP: 22/26
 11909 | D:11     | Found a gate leading to a gauntlet.
 11917 | D:11     | Noticed a two-headed ogre
 11924 | D:11     | Reached skill level 12 in Conjurations
 11934 | D:11     | Annihilated by a two-headed ogre

Illustrated notes

Levels and vault maps discovered:
D:1:      sevenhm_arrival_forest_fort_large_1, layout_basic
D:2:      layout_basic
D:3:      layout_rooms, nicolae_gozag_cash_rules_everything_around_me,
          minmay_overflow_temple_star_hex, fedhas_altar_3,
          ebering_ecumenical_altar_hall, minivault_26
D:4:      layout_loops_cross, worldfamousw_hep_ancestral_shrine,
          minmay_temple_entry_junction, nicolae_ossuary_entry_catacombs,
          minmay_misc_feat_rows, dk_vineyard_1, serial_bayou_crossing
D:5:      layout_loops_ring, minmay_misc_feat_roman, lemuel_flame_loot_1,
          uniq_crazy_yiuf_cottage, uniq_edmund
D:6:      layout_loops_ring, fountainhead, minmay_parallelograms,
          nicolae_titane, uniq_jeremiah, uniq_prince_ribbit1, uniq_duvessa
D:7:      layout_basic, slow_altar_1
D:8:      layout_cave_pools, trog_butcher_becter
D:9:      minmay_gate_of_8, layout_stronghold, nzn_ghost_randoct
D:10:     layout_stronghold, kennysheep_little_box,
          grunt_lair_entry_orc_guard_hut
D:11:     layout_basic, gauntlet_entry_generic, dk_noncrumbling_3, st_stairs_11

Skill      XL: |  1  2  3  4  5  6  7  8  9 10 11 |
---------------+----------------------------------+-----
Conjurations   | 5 6 7 8 9 10 11 12 | 12.0
Spellcasting   | 4 5 6 7 8 9 |  9.6
Hexes          | 1 4 6 8 10 | 10.9
Translocations | 1 2 4 5 6 |  6.5
Air Magic      | 2 3 4 5 |  5.2
Fighting       | |  0.4
Dodging        | |  2.4
Stealth        | |  2.4

Action                     |  1- 3 |  4- 6 |  7- 9 | 10-12 || total
---------------------------+-------+-------+-------+-------++-------
  Melee: Short sword       |       |     2 |       |       ||     2
         Mace              |       |       |     1 |     4 ||     5
   Cast: Magic Dart        |    75 |    86 |    98 |    14 ||   273
         Searing Ray       |       |    21 |    48 |    17 ||    86
         Fulminant Prism   |       |       |    28 |    27 ||    55
    Use: Scroll            |     4 |     6 |     7 |       ||    17
         Potion            |       |       |     2 |     1 ||     3
 Armour: Robe              |       |     8 |    13 |    12 ||    33
  Dodge: Dodged            |     5 |    22 |    82 |    64 ||   173

Table legend: (Time is in decaauts)
 A = Elapsed time spent in this place.
 B = Non-inter-level travel time spent in this place.
 C = Inter-level travel time spent in this place.
 D = Time resting spent in this place.
 E = Time spent auto-exploring this place.
 F = Levels seen in this place.
 G = Mean time per level.
                   A        B        C        D        E       F      G
               +--------+--------+--------+--------+--------+-----+--------+
         Total |  11956 |  11670 |    286 |    933 |   9221 |  12 |  996.3 |
       Dungeon |  11506 |  11220 |    286 |    783 |   8994 |  11 | 1046.0 |
       Ossuary |    449 |    449 |      0 |    150 |    227 |   1 |  449.0 |
               +--------+--------+--------+--------+--------+-----+--------+

Top non-repeatable levels by time:
     D:9: 1512 daAuts
     D:5: 1484 daAuts
     D:6: 1327 daAuts
     D:1: 1242 daAuts
     D:4: 1130 daAuts
     D:7: 1070 daAuts
    D:10: 963 daAuts
     D:8: 874 daAuts
     D:2: 821 daAuts
     D:3: 817 daAuts
 Ossuary: 449 daAuts
    D:11: 261 daAuts
